 Dungeon Crawl Stone Soup version 0.28-a0-1624-g820543e53a (webtiles) character file.

Game seed: 18439433607912459061

463 croobank the Firebug (level 6, -2/45 HPs)
             Began as a Draconian Fire Elementalist on Jan 24, 2022.
             Slain by Duvessa (3 damage)
             ... on level 4 of the Dungeon.
             The game lasted 00:17:56 (4073 turns).

croobank the Firebug (Draconian Fire Elementalist)  Turns: 4073, Time: 00:17:59

Health: -2/45      AC:  7    Str: 11    XL:     6   Next: 79%
Magic:  1/10       EV: 12    Int: 17    God:
Gold:   112        SH:  0    Dex: 11    Spells: 2/11 levels left

rFire   + . .      SeeInvis .   d - staff of fire
rCold   . . .      Faith    .   (no shield)
rNeg    + . .      Spirit   .   (armour unavailable)
rPois   .          Reflect  .   (helmet restricted)
rElec   .          Harm     .   (no cloak)
rCorr   .          Rampage  .   B - +0 pair of gloves
Will    .....                   (no boots)
Stlth   ++........              x - amulet of magic regeneration
HPRegen 0.15/turn               w - ring of positive energy
MPRegen 0.52/turn               l - ring of wizardry

@: brilliant
A: AC +6, unfitting armour, cold-blooded
a: no special abilities


You were on level 4 of the Dungeon.
You visited 1 branch of the dungeon, and saw 4 of its levels.
You also visited: Sewer.

You collected 142 gold pieces.
You spent 30 gold pieces at shops.

Inventory:

Hand Weapons
 a - a +1 dagger of draining
 b - a +0 hunting sling
Missiles
 e - 46 stones
 i - 71 arrows
 s - 14 bolts
 u - 11 sling bullets
 y - 3 javelins
Armour
 B - a +0 pair of gloves (worn)
Magical Staves
 d - a staff of fire (weapon)
Jewellery
 f - an amulet of faith
 g - a ring of see invisible
 l - a ring of wizardry (right hand)
 w - a ring of positive energy (left hand)
 x - an amulet of magic regeneration (around neck)
Scrolls
 j - a scroll of enchant weapon {unknown}
 o - 2 scrolls of fear {unknown}
 p - 5 scrolls of teleportation
 q - 2 scrolls of fog {unknown}
 t - a scroll of blinking {unknown}
 v - 2 scrolls of enchant armour {unknown}
 A - 2 scrolls of noise {unknown}
 C - a scroll of magic mapping {unknown}
Potions
 c - a potion of brilliance
 h - 3 potions of curing
 k - a potion of resistance {unknown}
 m - a potion of ambrosia {unknown}
 n - a potion of heal wounds {unknown}
 r - 2 potions of lignification
 z - a potion of mutation {unknown}


   Skills:
 + Level 2.4 Staves
 + Level 3.1 Dodging
 + Level 3.3 Stealth
 + Level 3.2 Spellcasting
 + Level 2.8 Conjurations
 + Level 4.1 Fire Magic


You had 2 spell levels left.
You knew the following spells:

 Your Spells              Type           Power      Damage    Failure   Level
a - Foxfire               Conj/Fire      100%       2x1d9     1%          1
b - Scorch                Fire           76%        2d8       1%          2
c - Beastly Appendage     Tmut           8%         N/A       7%          1
d - Wereblood             Tmut           4%         N/A       11%         2
e - Conjure Flame         Conj/Fire      33%        6-21      4%          3

Your spell library contained the following spells:

 Spells                   Type           Power      Damage    Failure   Level
 Inner Flame              Hex/Fire       22%        N/A       9%          3
 Flame Wave               Conj/Fire      33%        2d8       16%         4
 Spider Form              Tmut/Pois      4%         N/A       21%         3


Dungeon Overview and Level Annotations

Branches:
Dungeon (4/15)              Sewer (visited)
 Temple: D:4-7

Altars:
Ru
Trog
Uskayaw

Shops:
D:2 [   D:3 *((

Annotations:
D:4 Duvessa


Innate Abilities, Weirdness & Mutations

Your plain brown scales are hard. (AC +6)
You cannot fit into any form of body armour.
You are cold-blooded and may be slowed by cold attacks.


Message History

Confirm with . or Enter, or press ? or * to list all spells.
You feel a surge of power!
Flames lash Duvessa.
Duvessa is burned terribly!
Duvessa is heavily wounded.
Duvessa hits you with a +0 short sword.
Casting: Scorch (safe; 1% risk of failure)
Confirm with . or Enter, or press ? or * to list all spells.
You feel a surge of power!
Flames lash Duvessa.
Duvessa is burned terribly!
Duvessa is severely wounded.
Duvessa hits you with a +0 short sword!
* * * LOW HITPOINT WARNING * * *
Duvessa hits you but does no damage.
Okay, then.
Okay, then.
Okay, then.
Sorry, you're not good enough to have a special ability.
Press: ? - help, v - describe, . - travel, g - get item
Here: Duvessa, wielding a +0 short sword and wearing a +0 leather armour (severely wounded, berserk, more vulnerable to fire)
Items here: )) / [.
The floor.
Casting: Scorch (safe; 1% risk of failure)
Confirm with . or Enter, or press ? or * to list all spells.
Okay, then.
Casting: Scorch (safe; 1% risk of failure)
Confirm with . or Enter, or press ? or * to list all spells.
You feel a surge of power!
Flames lash Duvessa but do no damage.
Duvessa barely misses you. Duvessa hits you with a +0 short sword.
* * * LOW HITPOINT WARNING * * *
You feel better. Duvessa misses you. Duvessa hits you with a +0 short sword!
* * * LOW HITPOINT WARNING * * *
You feel clever all of a sudden. Duvessa hits you with a +0 short sword.
* * * LOW HITPOINT WARNING * * *
Sorry, you're not good enough to have a special ability.
Casting: Scorch (safe; 1% risk of failure)
Confirm with . or Enter, or press ? or * to list all spells.
You feel a strong surge of power!
Flames lash Duvessa.
Duvessa is burned terribly!
Duvessa is severely wounded.
Duvessa misses you. Duvessa hits you with a +0 short sword.
You die...

#.# ##.#######
..........########
.................###
.########........).##
....<.......####....##
...#######..#
##.....##### ...####
#..# #....).......
......# #..#
##@e...###### ...##.#
#..# #....## ...##.#
#..# #.#.## ...##.#
#..# #.>... ......#
#..# ###.###
...#######..# #.#
............# ...
#..#######.## #..#
#....#


You could see Duvessa (berserk, combustible).

Vanquished Creatures
  Menkaure (D:4)
  Dowan (D:4)
  A hound (D:4)
  Natasha (thrice) (D:2)
  A hell rat (Sewer)
  A hound skeleton (D:4)
  4 gnolls
  2 river rats (Sewer)
  2 adders
  A worm (D:3)
  3 dart slugs
  2 orcs (D:4)
  6 ball pythons
  7 bats
  6 endoplasms
  3 giant cockroaches (D:4)
  A goblin (D:2)
  5 hobgoblins
  4 jackals (D:2)
  6 kobolds
  A quokka (D:1)
  3 frilled lizards (D:3)
  8 rats
72 creatures vanquished.

Vanquished Creatures (others)
  88 foxfires
  4 plants (D:4)
92 creatures vanquished.

Grand Total: 164 creatures vanquished

Notes
Turn   | Place    | Note
-------+----------+-------------------------------------------
     0 | D:1      | croobank the Draconian Fire Elementalist began the quest
                  | for the Orb.
     0 | D:1      | Reached XP level 1. HP: 14/14 MP: 3/3
   473 | D:1      | Reached XP level 2. HP: 20/20 MP: 3/5
   476 | D:1      | Learned a level 2 spell: Scorch
   903 | D:2      | Noticed Natasha
   915 | D:2      | Killed Natasha
   916 | D:2      | Reached XP level 3. HP: 9/26 MP: 1/6
  1093 | D:2      | Found Uzus's Antique Armour Shop.
  1193 | D:2      | Found a sacrificial altar of Ru.
  1269 | D:2      | Noticed Natasha
  1274 | D:2      | Killed Natasha
  1275 | D:2      | Reached skill level 1 in Staves
  1275 | D:2      | Reached XP level 4. HP: 33/33 MP: 0/7
  1370 | D:2      | Learned a level 1 spell: Beastly Appendage
  1373 | D:2      | Learned a level 2 spell: Wereblood
  1648 | D:2      | Noticed Natasha
  1655 | D:2      | Killed Natasha
  1849 | D:3      | Found a faded altar of an unknown god.
  1969 | D:3      | Found a hide-covered altar of Uskayaw.
  1975 | D:3      | Found Ewnimabo's Weapon Boutique.
  2211 | D:3      | Found Quff's General Store.
  2218 | D:3      | Bought a scroll of teleportation for 30 gold pieces
  2957 | D:3      | Found Soirelep's Weapon Boutique.
  3035 | D:3      | Reached XP level 5. HP: 38/38 MP: 3/9
  3285 | D:4      | Found a bloodstained altar of Trog.
  3688 | D:4      | Found a glowing drain.
  3755 | Sewer    | Entered a sewer
  3809 | Sewer    | Reached XP level 6. HP: 45/45 MP: 4/10
  4023 | D:4      | Noticed Menkaure
  4028 | D:4      | Killed Menkaure
  4029 | D:4      | Reached skill level 4 in Fire Magic
  4050 | D:4      | Noticed Duvessa
  4050 | D:4      | Noticed Dowan
  4056 | D:4      | Learned a level 3 spell: Conjure Flame
  4063 | D:4      | Killed Dowan
  4072 | D:4      | HP: 1/45 [Duvessa (6)]
  4073 | D:4      | Slain by Duvessa

Illustrated notes

Levels and vault maps discovered:
D:1:      sevenhm_arrival_forest_fort_small_3, layout_basic
D:2:      layout_basic, serial_shops, nicolae_square_shop, basic_altar,
          st_stairs_3, kennysheep_generic_room_8, uniq_natasha
D:3:      layout_loops_corners, eat_drink_and_be_merry_uskayaw, serial_shops,
          shop, shop_fountains, shop, nicolae_ecumenical_pavilion,
          minmay_quantized
D:4:      layout_loops_ring, kennysheep_mini_moat,
          mainiacjoe_overflow_cross_hatched, portal_sewer_entry_b,
          uniq_menkaure, uniq_eustachio, uniq_duvessa

Skill      XL: |  1  2  3  4  5  6 |
---------------+-------------------+-----
Stealth        | 2 3 |  3.3
Dodging        | 2 3 |  3.1
Staves         | 1 2 |  2.4
Conjurations   | 2 |  2.8
Spellcasting   | 3 |  3.2
Fire Magic     | 4 |  4.1

Action                   |  1- 3 |  4- 6 || total
-------------------------+-------+-------++-------
Melee: Unarmed           |     7 |       ||     7
       Staff             |    10 |    45 ||    55
       Tailslap          |     3 |     6 ||     9
       Kick              |       |     4 ||     4
       Dagger            |       |     6 ||     6
 Cast: Foxfire           |    23 |    31 ||    54
       Scorch            |     5 |    49 ||    54
       Beastly Appendage |       |     5 ||     5
       Wereblood         |       |     2 ||     2
  Use: Scroll            |     2 |     2 ||     4
       Potion            |     1 |     2 ||     3
Armor: Skin              |     4 |    27 ||    31
Dodge: Dodged            |    19 |    51 ||    70

Table legend: (Time is in decaauts)
 A = Elapsed time spent in this place.
 B = Non-inter-level travel time spent in this place.
 C = Inter-level travel time spent in this place.
 D = Time resting spent in this place.
 E = Time spent auto-exploring this place.
 F = Levels seen in this place.
 G = Mean time per level.
                   A        B        C        D        E       F      G
               +--------+--------+--------+--------+--------+-----+--------+
         Total |   4105 |   4029 |     76 |    836 |   2354 |   5 |  821.0 |
       Dungeon |   3990 |   3914 |     76 |    823 |   2316 |   4 |  997.5 |
         Sewer |    115 |    115 |      0 |     13 |     37 |   1 |  115.0 |
               +--------+--------+--------+--------+--------+-----+--------+

Top non-repeatable levels by time:
     D:3: 1640 daAuts
     D:2: 1316 daAuts
     D:1: 550 daAuts
     D:4: 482 daAuts
   Sewer: 115 daAuts
